 Dungeon Crawl Stone Soup version 0.16-a0-3178-g2c88c44 (webtiles) character file.

440 Johnny the Bolt Thrower (level 7, -2/53 HPs)
             Began as a Human Hunter on Dec 17, 2014.
             Was an Initiate of Trog.
             Slain by Blork the orc
             ... wielding a +4 vampiric long sword
              (4 damage)
             ... on level 7 of the Dungeon.
             The game lasted 00:11:43 (4164 turns).

Johnny the Bolt Thrower (Human Hunter)              Turns: 4164, Time: 00:11:43

Health: -2/53      AC:  4    Str: 13    XL:     7   Next: 22%
Magic:  7/7        EV: 13    Int: 11    God:    Trog [......]
Gold:   287        SH:  0    Dex: 15    Spells: 0 memorised, 6 levels left

rFire  . . .     SeeInvis +     B - +0 war axe
rCold  . . .     Clarity  .     d - +1 leather armour
rNeg   . . .     SustAb   .     (no shield)
rPois  .         Gourm    .     (no helmet)
rElec  .         Spirit   .     (no cloak)
rCorr  .         Warding  .     (no gloves)
rMut   .         Stasis   .     (no boots)
MR     +....                    l - amulet of regeneration
Stlth  ++........               v - ring of protection from magic
                                n - ring of see invisible

@: lethally poisoned, somewhat resistant to hostile enchantments, unstealthy
A: no striking features
a: Burn Spellbooks, Renounce Religion


You were on level 7 of the Dungeon.
You worshipped Trog.
Trog was noncommittal.
You were near starving.

You visited 2 branches of the dungeon, and saw 8 of its levels.

You collected 287 gold pieces.

Inventory:

Hand weapons
 a - a +0 short sword
 b - a +1 hand crossbow
 o - a +0 spear
 B - a +0 war axe (weapon)
Missiles
 x - a bolt of flame
Armour
 d - a +1 leather armour (worn)
Jewellery
 l - an amulet of regeneration (around neck)
 n - a ring of see invisible (left hand)
 r - a cursed amulet of inaccuracy {unknown}
 v - a ring of protection from magic (right hand)
 z - an uncursed amulet of resist mutation
Magical devices
 A - a wand of frost (17)
Scrolls
 e - 2 scrolls of noise
 h - 3 scrolls of remove curse
 p - a scroll of blinking
 s - a scroll of enchant armour
 y - a scroll of amnesia
Potions
 k - a potion of cure mutation
 u - a potion of brilliance
Comestibles
 f - 3 bread rations
 g - a beef jerky
 i - 3 slices of pizza
 m - a meat ration
 w - a fruit


   Skills:
 + Level 3.7 Fighting
 - Level 5.9 Crossbows
 + Level 1.7 Armour
 * Level 4.2 Dodging
 - Level 1.0 Stealth


You had 6 spell levels left.
You didn't know any spells.

Dungeon Overview and Level Annotations

Branches:
Dungeon (7/15)             Temple (1/1) D:6

Altars:
Ashenzari
Cheibriados
Dithmenos
Elyvilon
Fedhas
Gozag
Kikubaaqudgha
Makhleb
Nemelex Xobeh
Okawaru
Qazlal
Ru
Sif Muna
Trog
Vehumet
Xom
Zin
The Shining One

Annotations:
D:4 Pikel, Sigmund
D:7 Blork the orc, Prince Ribbit


Message History

You feel sick. The killer bee barely misses you.
Blork the orc grins evilly.
The killer bee closely misses you. The killer bee barely misses you.
You slash the killer bee!
You kill the killer bee!
Trog accepts your kill.
You feel sick.
Blork the orc gestures at you while chanting.
The puff of frost hits you!
* * * LOW HITPOINT WARNING * * *
You hit Blork the orc.
Blork the orc is lightly wounded.
Blork the orc closely misses you.
Blork the orc hits you with a vampiric long sword.
* * * LOW HITPOINT WARNING * * *
Blork the orc draws strength from your injuries!
You barely miss Blork the orc.
You feel sick. Blork the orc closely misses you.
The crimson imp shouts, "Leave, thou frothy ditch-delivered hedge-pig!"
Blork the orc hits you with a vampiric long sword.
You die...

##### ###
##5yy#########
#.#
##...#o@......#
#.#
##.y############
..# ##..## ..#
##y.## ..#
##..##
..####..##
...##..##
.......#
......##


You could see Blork the orc (invisible), 2 killer bees and a crimson imp.

Vanquished Creatures
  A slave (D:3)
  A giant frog (D:7)
  A killer bee (D:7)
  A crimson imp (D:6)
  A giant frog zombie (D:6)
  2 hounds (D:5)
  An orc priest (D:4)
  A gnoll (D:4)
  A worker ant zombie (D:5)
  5 adders
  3 worms
  A shadow imp (D:5)
  2 giant geckos
  12 orcs
  6 giant cockroaches
  7 goblins
  9 hobgoblins
  9 kobolds
  4 quokkas
  A ball python (D:2)
  12 bats
  A giant gecko skeleton (D:4)
  6 giant newts
  3 jackals (D:3)
  5 rats
96 creatures vanquished.

Notes
Turn   | Place    | Note
--------------------------------------------------------------
     0 | D:1      | Johnny, the Human Hunter, began the quest for the Orb.
     0 | D:1      | Reached XP level 1. HP: 16/16 MP: 1/1
   137 | D:1      | Reached XP level 2. HP: 22/22 MP: 2/2
   673 | D:2      | Found a shadowy altar of Dithmenos.
   701 | D:2      | Reached XP level 3. HP: 26/28 MP: 3/3
  1160 | D:2      | Reached XP level 4. HP: 34/34 MP: 4/4
  1849 | D:3      | Reached skill level 5 in Crossbows
  1876 | D:3      | Reached XP level 5. HP: 41/41 MP: 5/5
  2043 | D:4      | Noticed a slave
  2043 | D:4      | Noticed a slave
  2073 | D:3      | Killed a slave
  2607 | D:4      | Noticed Sigmund
  2608 | D:4      | Noticed a centaur
  2828 | D:4      | Noticed a slave
  2828 | D:4      | Noticed a slave
  2831 | D:4      | Noticed Pikel
  2891 | D:4      | Noticed an ogre
  2892 | D:4      | Noticed a phantom
  2919 | D:5      | Entered Level 5 of the Dungeon
  3167 | D:5      | Reached XP level 6. HP: 30/47 MP: 6/6
  3433 | D:6      | Found a staircase to the Ecumenical Temple.
  3443 | Temple   | Entered the Ecumenical Temple
  3546 | Temple   | Became a worshipper of Trog the Wrathful
  3703 | D:6      | Reached skill level 1 in Armour
  3913 | D:6      | Noticed an orc warrior
  3996 | D:7      | Noticed Blork the orc
  4063 | D:7      | Reached XP level 7. HP: 32/52 MP: 7/7
  4111 | D:7      | Noticed Prince Ribbit
  4163 | D:7      | HP: 2/53 [Blork the orc/vampiric long sword (4)]
  4164 | D:7      | Slain by Blork the orc

Action                   |  1- 3 |  4- 6 |  7- 9 || total
-------------------------+-------+-------+-------++-------
Melee: Short sword       |       |   138 |       ||   138
       War axe           |       |    34 |    10 ||    44
 Fire: Hand crossbow     |    55 |   128 |       ||   183
Evoke: Wand              |       |     2 |       ||     2
  Use: Scroll            |       |    10 |     6 ||    16
       Potion            |       |     3 |     2 ||     5
  Eat: Chunk             |       |     8 |       ||     8
       Fruit             |       |     3 |       ||     3
